 Dungeon Crawl Stone Soup version 0.26-a0-597-gb535b0901c (webtiles) character file.

Game seed: 4142508336623894010

641 Inarius the Chopper (level 7, 0/57 HPs)
             Began as a Ghoul Gladiator on Sept 11, 2020.
             Killed from afar by an orc wizard (10 damage)
             ... with a magic dart
             ... on level 5 of the Dungeon.
             The game lasted 00:08:44 (4831 turns).

Inarius the Chopper (Ghoul Gladiator)               Turns: 4831, Time: 00:08:45

Health: 0/57       AC: 10    Str: 18    XL:     7   Next: 51%
Magic:  6/6        EV:  5    Int:  5    God:
Gold:   263        SH:  8    Dex: 10    Spells: 6/6 levels left

rFire    . . .     SeeInvis .   a - +0 war axe
rCold    + . .     Faith    .   g - +0 kite shield
rNeg     + + +     Spirit   .   p - +0 chain mail
rPois    ∞         Reflect  .   h - -1 helmet (curse)
rElec    .         Harm     .   (no cloak)
rCorr    .                      (no gloves)
MR       .....                  u - +0 pair of boots
Stlth    ..........             (no amulet)
HPRegen  0.00/turn              (no ring)
MPRegen  0.10/turn              (no ring)

@: no status effects
A: rotting body, claws 1, cold resistance 1, negative energy resistance 3,
inhibited regeneration, torment resistance, unbreathing
a: no special abilities


You were on level 5 of the Dungeon.
You visited 1 branch of the dungeon, and saw 5 of its levels.
You also visited: Sewer.

You collected 362 gold pieces.
You spent 99 gold pieces at shops.

Inventory:

Hand Weapons
 a - a +0 war axe (weapon)
Missiles
 d - 3 throwing nets (quivered)
Armour
 c - a +0 helmet
 g - a +0 kite shield (worn)
 h - a cursed -1 helmet (worn)
 p - a +0 chain mail (worn)
 u - a +0 pair of boots (worn)
Wands
 n - a wand of flame (19)
Scrolls
 b - 2 scrolls of teleportation
 f - a scroll of fog {unknown}
 i - a scroll of enchant weapon
 m - 3 scrolls of blinking {unknown}
 r - a scroll of enchant armour {unknown}
 v - a scroll of amnesia {unknown}
Potions
 e - 2 potions of curing
 j - 6 potions of flight
 k - a potion of resistance {unknown}
 l - a potion of heal wounds
 o - a potion of might
 q - a potion of stabbing
 s - a potion of brilliance {unknown}


   Skills:
 + Level 3.5 Fighting
 * Level 6.1 Axes
 - Level 1.7 Throwing
 * Level 2.8 Armour
 - Level 2.6 Dodging
 + Level 1.5 Shields
 * Level 1.4 Evocations


You had 6 spell levels left.
You didn't know any spells.
Your spell library was empty.

Dungeon Overview and Level Annotations

Branches:
Dungeon (5/15)              Sewer (visited)
 Temple: D:4-7

Altars:
Makhleb
Sif Muna

Shops:
D:4 ::=!


Innate Abilities, Weirdness & Mutations

Your body is rotting away.
You thrive by killing the living.
You are immune to poison.
You have sharp fingernails.
Your flesh is cold resistant. (rC+)
You are immune to negative energy. (rN+++)
You do not regenerate when monsters are visible.
You are immune to unholy pain and torment.
You can survive without breathing.


Message History

The orc wizard gestures at you while chanting.
You block the puff of flame.
You hit the orc wizard.
The orc wizard is almost dead.
The orc wizard hits you but does no damage.
The orc wizard points at you and mumbles some strange words.
The puff of flame hits you!
* * * LOW HITPOINT WARNING * * *
You miss the orc wizard.
The orc wizard is almost dead.
The orc wizard hits you with a +0 dagger.
* * * LOW HITPOINT WARNING * * *
You hit the orc wizard.
The orc wizard is almost dead.
You block the orc wizard's attack.
You barely miss the orc wizard.
The orc wizard is almost dead.
The orc wizard casts a spell at you. The magic dart hits you!
You die...

##[....###.###.#.###
##.......#.## ##....#
#.........#.###..###.#
+.........'..#...#
#.........###....#
#.......## ###.#...#
##†)†..## ####.##
##...## .# ##@## # #o#
#.# #.# ... ... ...
..<..


You could see an orc wizard.

Vanquished Creatures
  A sky beast (D:5)
  An ogre (D:4)
  A centaur skeleton (D:4)
  3 orc wizards
  An iguana (D:4)
  A merfolk siren (Sewer)
  A merfolk avatar (Sewer)
  A river rat (Sewer)
  10 adders
  2 oozes
  7 worms
  A dart slug (D:1)
  3 leopard geckos
  15 orcs
  10 ball pythons
  8 bats
  6 giant cockroaches
  8 goblins
  5 hobgoblins
  8 jackals
  3 quokkas
  7 frilled lizards
  9 kobolds
  A quokka skeleton (D:4)
  36 rats
149 creatures vanquished.

Notes
Turn   | Place    | Note
-------+----------+-------------------------------------------
     0 | D:1      | Inarius the Ghoul Gladiator began the quest for the Orb.
     0 | D:1      | Reached XP level 1. HP: 17/17 MP: 0/0
   203 | D:1      | Reached skill level 3 in Axes
   203 | D:1      | Reached XP level 2. HP: 23/24 MP: 1/1
   673 | D:1      | Reached XP level 3. HP: 30/30 MP: 2/2
  1101 | D:2      | Found a burning altar of Makhleb.
  1120 | D:2      | Reached skill level 1 in Armour
  1659 | D:2      | Reached XP level 4. HP: 37/37 MP: 3/3
  2037 | D:2      | Reached skill level 4 in Axes
  2383 | D:3      | Reached XP level 5. HP: 38/42 MP: 4/4
  3056 | D:4      | Found a glowing drain.
  3075 | Sewer    | Entered a sewer
  3277 | Sewer    | Reached XP level 6. HP: 51/51 MP: 5/5
  3356 | Sewer    | Reached skill level 5 in Axes
  3398 | Sewer    | Reached skill level 1 in Shields
  3882 | D:4      | Found a shimmering blue altar of Sif Muna.
  3912 | D:4      | Found Jafroa's Distillery.
  3920 | D:4      | Bought a potion of heal wounds for 55 gold pieces
  3920 | D:4      | Bought a potion of might for 44 gold pieces
  3922 | D:4      | Found Xocel's Jewellery Shop.
  3962 | D:4      | Reached XP level 7. HP: 48/57 MP: 6/6
  4065 | D:4      | Reached skill level 1 in Evocations
  4229 | D:4      | Found Ylizo's Book Shoppe.
  4605 | D:4      | Found Gihichin's Book Shop.
  4684 | D:5      | Entered Level 5 of the Dungeon
  4813 | D:5      | Reached skill level 6 in Axes
  4831 | D:5      | Killed from afar by an orc wizard

Illustrated notes

Levels and vault maps discovered:
D:1:      minmay_arrival_semitransparent, layout_basic
D:2:      layout_loops_corners, old_standard_altar, minmay_misc_feat_room
D:3:      layout_loops_ring
D:4:      layout_loops_ring, tgw_sif, serial_shops, shop,
          nicolae_shop_statue_plus, shop_fountains, shop, portal_sewer_entry_c,
          nicolae_zen_rock_garden
D:5:      layout_loops_corners, nicolae_ashenzari_panopticon

Skill      XL: |  1  2  3  4  5  6  7 |
---------------+----------------------+-----
Axes           | 3 4 5 6 |  6.1
Armour         | 1 2 |  2.8
Fighting       | 3 |  3.5
Shields        | 1 |  1.5
Evocations     | 1 |  1.4
Throwing       | |  1.7
Dodging        | |  2.6

Action                   |  1- 3 |  4- 6 |  7- 9 || total
-------------------------+-------+-------+-------++-------
Melee: War axe           |   143 |   297 |   108 ||   548
Throw: Throwing net      |     1 |       |       ||     1
Evoke: Wand              |       |    14 |     3 ||    17
  Use: Scroll            |       |    10 |       ||    10
Armor: Leather armour    |    20 |       |       ||    20
       Ring mail         |    55 |    21 |       ||    76
       Chain mail        |       |   175 |    74 ||   249
Dodge: Dodged            |    84 |    92 |    24 ||   200
Block: Kite shield       |    45 |   138 |    30 ||   213

Table legend: (Time is in decaauts)
 A = Elapsed time spent in this place.
 B = Non-inter-level travel time spent in this place.
 C = Inter-level travel time spent in this place.
 D = Time resting spent in this place.
 E = Time spent auto-exploring this place.
 F = Levels seen in this place.
 G = Mean time per level.
                   A        B        C        D        E       F      G
               +--------+--------+--------+--------+--------+-----+--------+
         Total |   5083 |   4977 |    106 |    523 |   2989 |   6 |  847.2 |
       Dungeon |   4430 |   4324 |    106 |    398 |   2820 |   5 |  886.0 |
         Sewer |    652 |    652 |      0 |    125 |    169 |   1 |  652.0 |
               +--------+--------+--------+--------+--------+-----+--------+

Top non-repeatable levels by time:
     D:2: 1335 daAuts
     D:4: 1157 daAuts
     D:1: 967 daAuts
     D:3: 811 daAuts
   Sewer: 652 daAuts
     D:5: 158 daAuts
